 Dungeon Crawl Stone Soup version 0.27-a0-385-g3208abaabc (webtiles) character file.

Game seed: 1812712255259425081

138 jasper the Cutter (level 4, 0/37 HPs)
             Began as a Demigod Gladiator on Feb 20, 2021.
             Succumbed to an orc wizard's poison
             ... on level 3 of the Dungeon.
             The game lasted 00:02:11 (2044 turns).

jasper the Cutter (Demigod Gladiator)               Turns: 2044, Time: 00:02:12

Health: 0/37       AC:  4    Str: 15    XL:     4   Next: 70%
Magic:  6/6        EV: 13    Int: 10    God:
Gold:   59         SH:  0    Dex: 19    Spells: 3/3 levels left

rFire    x . .     SeeInvis .   a - +0 rapier
rCold    + . .     Faith    .   (no shield)
rNeg     . . .     Spirit   .   b - +0 leather armour
rPois    .         Reflect  .   c - +0 helmet
rElec    .         Harm     .   (no cloak)
rCorr    .         Rampage  .   (no gloves)
Will     .....                  (no boots)
Stlth    ++........             (no amulet)
HPRegen  0.12/turn              f - ring of ice
MPRegen  0.10/turn              (no ring)

@: lethally poisoned (0 -> -9), attractive, flying
A: high mp 1
a: no special abilities


You were on level 3 of the Dungeon.
You visited 1 branch of the dungeon, and saw 3 of its levels.

You collected 59 gold pieces.

Inventory:

Hand Weapons
 a - a +0 rapier (weapon)
 k - a +2 dagger of protection
Missiles
 d - a throwing net (quivered)
 g - 82 stones
Armour
 b - a +0 leather armour (worn)
 c - a +0 helmet (worn)
Jewellery
 f - a ring of ice (left hand)
Scrolls
 h - a scroll of noise {unknown}
 i - 5 scrolls of identify {unknown}
 j - a scroll of magic mapping {unknown}
 m - 2 scrolls of amnesia {unknown}
 n - a scroll of enchant armour {unknown}


   Skills:
 + Level 2.3 Fighting
 * Level 3.5 Short Blades
 + Level 2.4 Throwing
 + Level 1.3 Armour
 + Level 3.2 Dodging
 + Level 1.5 Stealth


You had 3 spell levels left.
You didn't know any spells.
Your spell library was empty.

Dungeon Overview and Level Annotations

Branches:
Dungeon (3/15)


Innate Abilities, Weirdness & Mutations

You have an increased reservoir of magic. (+10% MP)


Message History

The orc is heavily wounded.
* * * LOW HITPOINT WARNING * * *
You feel sick. The orc closely misses you.
You take 2 damage, and have 9/36 hp.
You hit the orc.
You kill the orc!
* * * LOW HITPOINT WARNING * * *
You feel sick.
Throw: 3 throwing nets
Press: ? - help, Q - select action, (/) - cycle Shift-Dir - straight line, f - Jessica
Aim: Jessica, wielding a +0 dagger of venom and wearing a +0 robe (63% to hit)
You throw a throwing net. The throwing net hits Jessica.
Jessica is caught in the net!
* * * LOW HITPOINT WARNING * * *
You feel sick.
Jessica struggles against the net.
You take 1 damage, and have 8/36 hp.
You puncture Jessica!
Jessica is severely wounded.
* * * LOW HITPOINT WARNING * * *
You feel sick.
Jessica struggles against the net.
You take 1 damage, and have 7/36 hp.
You catch the helpless Jessica completely off-guard!
You puncture Jessica!
You kill Jessica!
* * * LOW HITPOINT WARNING * * *
You feel sick.
You take 2 damage, and have 5/37 hp.
Throw: 2 throwing nets
Press: ? - help, Q - select action, (/) - cycle Shift-Dir - straight line, f - orc
Aim: an orc, wielding a +0 dagger and wearing a +0 leather armour (63% to hit)
You throw a throwing net. The throwing net barely misses the orc.
You hit the orc.
The orc is moderately wounded.
* * * LOW HITPOINT WARNING * * *
You feel sick. The orc hits you with a +0 dagger.
* * * LOW HITPOINT WARNING * * *
You take 4 damage, and have 1/37 hp.
You hit the orc.
The orc is heavily wounded.
You die...

#.# #......
#.# ##.#...≈
#.# #.#...≈
#.# .#....≈
##.# ##
##..≈ ##.#.#
#.####)###.#
#...o## #..
#.####@# ...
##[# ...#
..# ..$ ..#
.## ..# ..#
..# ..#


You could see an orc.

Vanquished Creatures
  Jessica (D:3)
  An orc wizard (D:3)
  Ijyb (D:3)
  A howler monkey zombie (D:3)
  An ooze (D:2)
  2 worms (D:2)
  A dart slug (D:1)
  A leopard gecko (D:2)
  An orc (D:3)
  3 bats
  3 giant cockroaches
  5 goblins
  5 hobgoblins
  2 frilled lizards
  12 kobolds
  3 rats
43 creatures vanquished.

Notes
Turn   | Place    | Note
-------+----------+-------------------------------------------
     0 | D:1      | jasper the Demigod Gladiator began the quest for the Orb.
     0 | D:1      | Reached XP level 1. HP: 17/17 MP: 3/3
   456 | D:1      | Reached XP level 2. HP: 24/24 MP: 4/4
  1297 | D:2      | Reached XP level 3. HP: 29/29 MP: 5/5
  1692 | D:2      | Found a radiant altar of Vehumet.
  1735 | D:2      | Reached skill level 1 in Stealth
  1953 | D:3      | Reached skill level 1 in Armour
  2014 | D:3      | Noticed Ijyb
  2025 | D:3      | Noticed Jessica
  2026 | D:3      | Killed Ijyb
  2027 | D:3      | Reached XP level 4. HP: 34/36 MP: 6/6
  2041 | D:3      | Killed Jessica
  2043 | D:3      | HP: 1/37 [orc/+0 dagger (3)]
  2044 | D:3      | Succumbed to an orc wizard's poison

Illustrated notes

Levels and vault maps discovered:
D:1:      onia_arrival_pyramid, layout_loops_ring
D:2:      layout_rooms, vehumet_crystals
D:3:      layout_loops_ring, lemuel_round_altar, gammafunk_ghost_gnarly_gnolls,
          kennysheep_doodads, uniq_crazy_yiuf_cottage, uniq_jessica,
          uniq_natasha, uniq_robin, uniq_ijyb

Skill      XL: |  1  2  3 |
---------------+----------+-----
Short Blades   | 3 |  3.5
Throwing       | 2 |  2.4
Fighting       | 2 |  2.3
Dodging        | 3 |  3.2
Stealth        | 1 |  1.5
Armour         | 1 |  1.3

Action                   |  1- 3 |  4- 6 || total
-------------------------+-------+-------++-------
Melee: Rapier            |   125 |    13 ||   138
Throw: Throwing net      |     2 |     2 ||     4
  Use: Potion            |     2 |     1 ||     3
 Stab: Sleeping          |     4 |       ||     4
       Distracted        |     1 |       ||     1
       Held in net/web   |       |     1 ||     1
Armor: Leather armour    |    41 |       ||    41
Dodge: Dodged            |    61 |     4 ||    65

Table legend: (Time is in decaauts)
 A = Elapsed time spent in this place.
 B = Non-inter-level travel time spent in this place.
 C = Inter-level travel time spent in this place.
 D = Time resting spent in this place.
 E = Time spent auto-exploring this place.
 F = Levels seen in this place.
 G = Mean time per level.
                   A        B        C        D        E       F      G
               +--------+--------+--------+--------+--------+-----+--------+
         Total |   2051 |   2019 |     32 |    283 |   1419 |   3 |  683.7 |
       Dungeon |   2051 |   2019 |     32 |    283 |   1419 |   3 |  683.7 |
               +--------+--------+--------+--------+--------+-----+--------+

Top non-repeatable levels by time:
     D:1: 1050 daAuts
     D:2: 881 daAuts
     D:3: 119 daAuts
